 Dungeon Crawl Stone Soup version 0.27-b1-41-gafb5482f4b (webtiles) character file.

Game seed: 13784119019162308623

743 SunEater the Chopper (level 7, -1/63 HPs)
             Began as a Minotaur Fighter on July 28, 2021.
             Slain by an iguana (8 damage)
             ... on level 4 of the Dungeon.
             The game lasted 00:13:36 (3411 turns).

SunEater the Chopper (Minotaur Fighter)             Turns: 3411, Time: 00:13:37

Health: -1/63      AC:  7    Str: 22    XL:     7   Next: 47%
Magic:  15/15      EV:  8    Int:  3    God:
Gold:   174        SH: 10    Dex: 10    Spells: 6/6 levels left

rFire    . . .     SeeInvis .   a - +0 war axe
rCold    + . .     Faith    .   c - +0 kite shield
rNeg     + . .     Spirit   .   b - +0 scale mail
rPois    +         Reflect  .   (helmet restricted)
rElec    .         Harm     .   (no cloak)
rCorr    .         Rampage  .   (no gloves)
Will     .....                  (no boots)
Stlth    ..........             (no amulet)
HPRegen  0.20/turn              v - ring of poison resistance
MPRegen  0.14/turn              w - ring of the Skies Above {rC+ rN+ MP+9 Int-2}

@: no status effects
A: horns 2, retaliatory headbutt
a: no special abilities


You were on level 4 of the Dungeon.
You visited 1 branch of the dungeon, and saw 4 of its levels.

You collected 174 gold pieces.

Inventory:

Hand Weapons
 a - a +0 war axe (weapon)
Missiles
 h - 3 atropa-tipped darts (quivered)
 m - 24 poisoned darts
 o - a throwing net
Armour
 b - a +0 scale mail (worn)
 c - a +0 kite shield (worn)
Jewellery
 i - a ring of flight
 v - a ring of poison resistance (left hand)
 w - the ring of the Skies Above (right hand) {rC+ rN+ MP+9 Int-2}
   (You found it on level 4 of the Dungeon)

   [ring of magical power]

   Int:       It affects your intelligence (-2).
   rC:        It protects you from cold.
   rN:        It protects you from negative energy.
   MP:        It affects your magic capacity (+9).
Wands
 u - a wand of polymorph (11)
Scrolls
 f - 5 scrolls of identify {unknown}
 g - a scroll of fog {unknown}
 j - a scroll of brand weapon {unknown}
 l - a scroll of enchant weapon {unknown}
 p - 2 scrolls of teleportation {unknown}
 t - a scroll of enchant armour {unknown}
Potions
 d - a potion of might
 e - 2 potions of haste {unknown}
 k - a potion of curing {unknown}
 n - a potion of mutation {unknown}
 q - a potion of heal wounds {unknown}
 r - a potion of cancellation {unknown}
 s - a potion of resistance {unknown}


   Skills:
 * Level 6.1 Fighting
 + Level 6.7 Axes
 + Level 5.4 Armour
 - Level 0.2 Dodging
 + Level 5.4 Shields


You had 6 spell levels left.
You didn't know any spells.
Your spell library contained the following spells:

 Spells                   Type           Power      Damage    Failure   Level
 Foxfire                  Conj/Fire      0%         2x1d4     99%         1
 Summon Small Mammal      Summ           0%         N/A       99%         1
 Call Canine Familiar     Summ           0%         N/A       100%        3
 Conjure Flame            Conj/Fire      0%         6-21      100%        3
 Inner Flame              Hex/Fire       0%         N/A       100%        3
 Summon Guardian Golem    Hex/Summ       0%         N/A       100%        3


Dungeon Overview and Level Annotations

Branches:
Dungeon (4/15)
 Temple: D:4-7

Altars:


Innate Abilities, Weirdness & Mutations

You have a pair of horns on your head.
You reflexively headbutt those who attack you in melee.


Message History

The phantom hits you.
The phantom blinks!
You blink.
You barely miss the phantom.
The phantom is moderately damaged.
The phantom hits you.
* * * LOW HITPOINT WARNING * * *
The phantom hits you.
* * * LOW HITPOINT WARNING * * *
The phantom blinks!
You blink.
You are too injured to fight recklessly!
There are no items here.
What are your orders? t - Shout!
Orders for allies: a - Attack new target. r - Retreat! s - Stop attacking. g - Guard the area. f - Follow me.
Anything else - Cancel.
Okay, then.
Unknown command.
You miss the phantom. Your headbutt misses the phantom.
The phantom is moderately damaged.
You block the phantom's attack.
You closely miss the phantom. You headbutt the phantom!
The phantom is almost destroyed.
You block the phantom's attack. x2
You closely miss the phantom. You headbutt the phantom!
You destroy the phantom!
The adder closely misses you.
Your Fighting skill increases to level 6!
You slash the adder!
You kill the adder!
You slash the goblin!
You kill the goblin!
You barely miss the iguana. You headbutt the iguana.
The iguana is moderately wounded.
The iguana bites you!
* * * LOW HITPOINT WARNING * * *
You barely miss the iguana. Your headbutt misses the iguana.
The iguana is moderately wounded.
The iguana bites you!
You die...

########## ##........##
#..........## #...######..#
#..## ##.######### #..# ##
#@#.......## #..#
#..#)l........# #..#
#.'.##))##...# #..#
#####8..8##..# #..##
#8....8#..# #...#
#.....[#..# #...######
#.....ยง#..#######
#..##)#..# #8....8#.........
#..#.##.#####8..8##..#######


You could see an iguana.

Vanquished Creatures
  3 phantoms (D:4)
  2 scorpions
  A wight (D:4)
  2 hounds (D:4)
  A jelly (D:4)
  A bullfrog skeleton (D:4)
  A scorpion zombie (D:4)
  Terence (D:2)
  An iguana (D:4)
  7 adders
  An ufetubus (D:4)
  A worm (D:2)
  3 dart slugs
  4 orcs
  11 bats
  7 endoplasms
  4 giant cockroaches
  15 goblins
  4 hobgoblins
  8 jackals
  A quokka (D:1)
  5 ball pythons
  3 frilled lizards
  5 kobolds
  6 rats
98 creatures vanquished.

Notes
Turn   | Place    | Note
-------+----------+-------------------------------------------
     0 | D:1      | SunEater the Minotaur Fighter began the quest for the Orb.
     0 | D:1      | Reached XP level 1. HP: 19/19 MP: 0/0
   115 | D:1      | Reached XP level 2. HP: 27/27 MP: 1/1
   629 | D:1      | Reached XP level 3. HP: 31/33 MP: 2/2
  1004 | D:2      | Noticed Terence
  1015 | D:2      | Killed Terence
  1016 | D:2      | Reached XP level 4. HP: 3/41 MP: 3/3
  1569 | D:2      | Found a faded altar of an unknown god.
  1961 | D:3      | Noticed a scorpion
  1969 | D:3      | Killed a scorpion
  1970 | D:3      | Reached skill level 5 in Fighting
  1970 | D:3      | Reached XP level 5. HP: 29/48 MP: 4/4
  2657 | D:4      | Reached skill level 5 in Axes
  2657 | D:4      | Reached XP level 6. HP: 56/56 MP: 5/5
  2927 | D:4      | Found a large runed translucent door.
  2927 | D:4      | Found a large runed translucent door.
  2935 | D:4      | Reached skill level 5 in Shields
  3007 | D:4      | Reached skill level 5 in Armour
  3007 | D:4      | Found a large runed translucent door.
  3007 | D:4      | Found a large runed translucent door.
  3019 | D:4      | Identified the ring of Puakyg {*Slow rN+ EV+4 Str+2 Dex+4}
  3140 | D:4      | Reached XP level 7. HP: 41/62 MP: 6/6
  3288 | D:4      | Identified the ring of the Skies Above {rC+ rN+ MP+9 Int-2}
  3411 | D:4      | Slain by an iguana

Illustrated notes

Levels and vault maps discovered:
D:1:      dpeg_arrival_three_same_balls, layout_loops_cross
D:2:      layout_basic, chequers_ecumenical_altar_grove, minmay_pentomino_t2,
          uniq_terence
D:3:      layout_loops_ring, kennysheep_potato
D:4:      layout_rooms, mainiacjoe_overflow_surrounded_room,
          chequers_serial_rivers_micro_b, minmay_hollow_rounded_squares

Skill      XL: |  1  2  3  4  5  6  7 |
---------------+----------------------+-----
Fighting       | 4 5 6 |  6.1
Shields        | 4 5 |  5.4
Armour         | 4 5 |  5.4
Axes           | 3 4 5 6 |  6.7
Dodging        | |  0.2

Action                   |  1- 3 |  4- 6 |  7- 9 || total
-------------------------+-------+-------+-------++-------
Melee: War axe           |    68 |   126 |    37 ||   231
       Headbutt          |     9 |    20 |    11 ||    40
Armor: Scale mail        |    22 |    54 |     9 ||    85
Dodge: Dodged            |    27 |    39 |    12 ||    78
Block: Kite shield       |    32 |    78 |    20 ||   130
